[Event "Kezmarok Chess Open 2022"]
[Site "Kezmarok"]
[Date "2022.09.27"]
[Round "5.12"]
[White "Rakovsky, Jakub"]
[Black "Kapolkova, Greta"]
[Result "1/2-1/2"]
[ECO "C54"]
[WhiteElo "2012"]
[BlackElo "1723"]
[Annotator "TA"]
[PlyCount "124"]
[EventDate "2022.09.24"]
[EventType "swiss"]
[EventCountry "SVK"]
[SourceTitle "playchess.com"]
[Source "ChessBase"]
[SourceQuality "1"]
[TimeControl "40/5400+30:1800+30"]

1. e4 e5 2. Bc4 Nc6 3. Nf3 Bc5 4. c3 Nf6 5. d3 d6 6. Nbd2 O-O 7. h3 {C54: Giuoco Piano: 4 c3 Nf6, main lines with 5 d4 and 5 d3.} Bd7 {[#] 7...a5 is becoming the main line.} 8. a4 $146 {Strongly threatening b4.} ({Predecessor:} 8. Nf1 Re8 9. Ng3 a6 10. O-O Be6 11. Bb3 d5 12. Nxe5 Nxe5 13. d4 Bd6 14. dxe5 Bxe5 15. exd5 Bxd5 16. Bxd5 Nxd5 {1-0 (32) Hudak,M (1169)-Stavac,T (1000) Stara Lubovna 2022}) 8... a5 {Prevents b4.} 9. Nf1 h6 10. g4 Be6 11. Bxe6 fxe6 12. Be3 Bxe3 13. Nxe3 (13. fxe3 $11 d5 14. Ng3) 13... Nh7 ({Black should play} 13... d5 $17 14. Qb3 Nd7 15. exd5 Rxf3 16. Qxb7 Ne7 17. dxe6 Rxe3+ $1 18. fxe3 Nc5) 14. h4 $11 g6 15. Qe2 Qd7 16. g5 h5 17. Kf1 (17. Nd2 $11) 17... Rf4 18. Ng2 Rf7 19. Rh3 Raf8 ({Better is} 19... Nf8 $17) 20. Rg3 b6 21. Qe3 Qc8 22. Ke2 (22. Kg1 $11) 22... Qa6 23. Nd2 Rxf2+ 24. Qxf2 Rxf2+ 25. Kxf2 b5 26. Ke2 Nf8 27. Rf3 Nd7 28. axb5 Qxb5 29. b3 (29. Raf1 $15) 29... Kg7 (29... Qc5 $1 $19 30. Raf1 (30. Nc4 $2 d5 $19) 30... Qxc3) 30. Raf1 Nd8 {Prevents Rf7+.} 31. Ne3 Qc5 32. Nd1 Qb5 (32... a4 $17 {Hoping for ...a3.} 33. bxa4 Qa5) 33. Nb2 Qc5 34. Na4 {Dancing on a razor blade.} Qb5 35. Kd1 Qb7 36. Kc2 Qb5 37. Nc4 Kg8 38. Nab2 Kg7 39. d4 $2 (39. Na4 $11) 39... exd4 $19 40. cxd4 e5 $2 (40... d5 $19 41. Nd2 Nc6) 41. d5 $11 Qc5 42. Na4 Qb4 43. Rc3 c6 (43... Qb5 $11) 44. Nd2 {White is more active.} (44. Rd1 $1 $16) 44... Qb5 45. Kb2 Qe2 ({But not} 45... cxd5 46. Rc7 Ne6 47. Nc3 $16) 46. Rc2 cxd5 47. exd5 {Black must now prevent Kc1.} Qd3 48. Rf3 $2 (48. Kc1 $11 Nc5 49. Nxc5 dxc5 50. Rxc5) 48... Qxd5 $19 {Threatens to win with ...Ne6.} 49. Rfc3 Ne6 {Prevents Rc7.} 50. Nc4 Nd4 51. Ncb6 Qb5 52. Rc7 (52. Nxd7 $142 Nxc2 53. Rc7) 52... Qxb3+ 53. Kc1 Nxc2 54. Nxd7 {aiming for Ndc5+.} Qa3+ 55. Kd2 Nd4 {( -> ...Qa2+)} 56. Nab6 Qb2+ 57. Kd1 Qe2+ 58. Kc1 Nb3+ $2 (58... Qe1+ {mates} 59. Kb2 Qd2+ 60. Ka1 Nb5 61. Nc4 Qd1+ 62. Kb2 Nxc7 63. Nf6 Qd4+ 64. Kb3 Qd3+ 65. Ka2 Qxc4+ 66. Kb1 Qb3+ 67. Kc1 Nb5 68. Nxh5+ gxh5 69. Kd2 Nd4 70. Ke1 Qf3 71. Kd2 Qe2+ 72. Kc3 Qc2#) 59. Kb1 $17 {[#]} Nd2+ (59... Qf1+ $1 $17 60. Kb2 Qf7) 60. Kc1 $11 {White threatens Nf6+ and mate.} Nb3+ (60... Kf7 $11 61. Nc5+ Kg8 62. Rc8+ Kh7 63. Rc7+ Kh8 64. Rc8+ Kh7 65. Rc7+ Kg8 66. Rc8+ Kh7) 61. Kb1 $17 {[#] White wants to mate with Nf6+.} Nd2+ (61... Qf1+ $1 $17 62. Kb2 Qf7) 62. Kc1 $11 {Nf6+ would kill now.} Nb3+ {Weighted Error Value: White=0.39/Black=0.29 (precise)} 1/2-1/2

[Event "Kezmarok Chess Open 2022"]
[Site "Kezmarok"]
[Date "2022.09.27"]
[Round "5.13"]
[White "Fizer, Marek"]
[Black "Smetana, Peter"]
[Result "0-1"]
[ECO "B43"]
[WhiteElo "1963"]
[BlackElo "1715"]
[Annotator "TA"]
[PlyCount "76"]
[EventDate "2022.09.24"]
[EventType "swiss"]
[EventCountry "SVK"]
[SourceTitle "playchess.com"]
[Source "ChessBase"]
[SourceQuality "1"]
[TimeControl "40/5400+30:1800+30"]

1. e4 c5 2. Nf3 e6 3. d4 cxd4 4. Nxd4 a6 5. Nc3 Qc7 6. Bd3 Nf6 7. O-O d6 8. Kh1 Be7 9. Qe2 Nbd7 10. f4 b5 11. a3 Bb7 12. Bd2 O-O {[%emt 0:14:54] B43: Sicilian: Kan Variation: 5 Nc3.} 13. g4 Nc5 14. g5 Ne8 {[%emt 0:09:52] [#] The position is equal.} 15. b4 $146 ({Predecessor:} 15. f5 Qd8 16. Qg4 Nxd3 17. cxd3 exf5 18. Nxf5 d5 19. Bf4 b4 20. axb4 Bxb4 21. Be5 Bxc3 22. Bxc3 {1-0 (43) Padmini,R (2331)-Ivekovic,T (2122) Pune 2014}) 15... Nxd3 16. cxd3 d5 17. e5 g6 18. Rf3 Ng7 19. Rh3 (19. Qf2 $11) 19... Rfc8 ({Black should play} 19... Nf5 $17 20. Qf2 Nxd4 21. Qxd4 Rfc8) 20. Rg1 (20. Qf2 $11) 20... Bf8 (20... Qb6 $17 21. Qf2 Nf5) 21. Nd1 $2 {[%emt 0:12:06] [#]} (21. Rg2 $1 $11) 21... Nf5 $19 22. Nf3 d4 23. Nf2 Bg7 24. Ne4 Bd5 ({Better is} 24... Qc2 $19 {And now ...Qb2 would win.} 25. Ra1 (25. Rc1 $2 Qa2 $19) 25... a5) 25. Rc1 $2 {[%emt 0:04:30][%mdl 8192] [#]} (25. Ne1 $17 {is a better chance.}) 25... Qxc1+ 26. Bxc1 Rxc1+ 27. Ne1 Rac8 28. Kg1 (28. Rf3 $142) 28... Bxe4 29. dxe4 Ne3 30. Kf2 Nd1+ (30... R8c3 $19 31. Qd2 Rd1 32. Qxc3 Ng4+ 33. Ke2 dxc3 34. Rxc3 Ra1) 31. Kg3 $2 (31. Kf1 $1 $15) 31... R8c3+ $2 (31... Nc3 32. Qf1 d3 33. Qxd3 Rxe1) 32. Kh4 (32. Nd3 $142 Ra1 33. f5) 32... Ne3 33. Rg3 Rxa3 {[%emt 0:02:40] Strongly threatening ...Bf8.} 34. Qd2 Rca1 (34... Rc4 $19 {...Bf8 is the strong threat.} 35. Qb2 Rac3) 35. Nc2 $2 (35. Qxd4 $17 {only move.} Rxe1 36. Qd2) 35... R1a2 {[%emt 0:00:32] Really sharp!} 36. Rxe3 $2 (36. Qxd4 Nxc2 37. Rxa3 Nxa3 38. Qd8+ Bf8 39. f5) 36... dxe3 37. Qd8+ Bf8 38. Nxa3 e2 {[%emt 0:01:18] Weighted Error Value: White=1.38/Black=0.77} 0-1

[Event "Kezmarok Chess Open 2022"]
[Site "Kezmarok"]
[Date "2022.09.27"]
[Round "5.14"]
[White "Hagara, Eduard"]
[Black "Striskova, Lucia"]
[Result "0-1"]
[ECO "C29"]
[WhiteElo "1734"]
[BlackElo "1866"]
[Annotator "NA RC COMBH"]
[PlyCount "60"]
[EventDate "2022.09.24"]
[EventType "swiss"]
[EventCountry "SVK"]
[SourceTitle "playchess.com"]
[Source "ChessBase"]
[SourceQuality "1"]
[TimeControl "40/5400+30:1800+30"]

1. e4 e5 2. Nc3 Nf6 3. f4 d5 4. fxe5 Nxe4 5. Nf3 Nc6 6. a3 Bg4 7. d4 Bxf3 8. Qxf3 Nxd4 9. Qd3 Nxc3 10. bxc3 Nc6 11. Bf4 Qd7 12. Be2 Bc5 13. h3 Rd8 14. Qg3 O-O 15. Bh6 f6 16. e6 Qe7 17. Rf1 Kh8 18. Bf4 Qxe6 19. Kd2 d4 20. c4 Bd6 21. Bd3 Bxf4+ 22. Rxf4 Ne5 23. Re1 Qd7 24. Ree4 c5 25. Rh4 Nxd3 26. Qg6 h6 27. cxd3 Rde8 28. Reg4 f5 29. Rg5 Qe7 30. Rg3 Qe1+ 0-1

[Event "Kezmarok Chess Open 2022"]
[Site "Kezmarok"]
[Date "2022.09.27"]
[Round "5.15"]
[White "Velychko, Sofiya"]
[Black "Fizerova, Lucie"]
[Result "0-1"]
[ECO "D00"]
[WhiteElo "1371"]
[BlackElo "1779"]
[Annotator "NA RC COMBH"]
[PlyCount "100"]
[EventDate "2022.09.24"]
[EventType "swiss"]
[EventCountry "SVK"]
[SourceTitle "playchess.com"]
[Source "ChessBase"]
[SourceQuality "1"]
[TimeControl "40/5400+30:1800+30"]

1. d4 d5 2. Nc3 e6 3. Bf4 Nf6 4. Nf3 c5 5. dxc5 Bxc5 6. e3 a6 7. Bd3 O-O 8. O-O Nc6 9. Re1 Nb4 10. e4 Nxd3 11. Qxd3 dxe4 12. Nxe4 Qxd3 13. Nxf6+ gxf6 14. cxd3 e5 15. Bg3 Bf5 16. Bh4 Kg7 17. Rad1 Rad8 18. Nxe5 Rd5 19. Nc4 Rxd3 20. Rxd3 Bxd3 21. Ne3 Bg6 22. Nd5 Bd4 23. b3 Rd8 24. Nf4 Bc3 25. Rf1 Rd2 26. Nxg6 fxg6 27. h3 Rxa2 28. Rd1 Ra1 29. Rxa1 Bxa1 30. f3 Kf7 31. Be1 Ke6 32. Kf2 Kd5 33. Ke3 b6 34. Kd3 a5 35. Bd2 Be5 36. Be1 Bc7 37. Bc3 f5 38. Bb2 b5 39. Ba3 Bd6 40. Bb2 a4 41. bxa4 bxa4 42. Kc2 a3 43. Bc1 a2 44. Kb2 Ba3+ 45. Kxa2 Bxc1 46. Kb1 Be3 47. Kc2 Ke5 48. Kd3 Kf4 49. Ke2 Bc5 50. Kf1 Kg3 0-1

[Event "Kezmarok Chess Open 2022"]
[Site "Kezmarok"]
[Date "2022.09.27"]
[Round "5.16"]
[White "Juracak, David"]
[Black "Hanina, Marcel"]
[Result "1-0"]
[ECO "D45"]
[WhiteElo "1708"]
[BlackElo "1411"]
[Annotator "NA RC COMBH"]
[PlyCount "47"]
[EventDate "2022.09.24"]
[EventType "swiss"]
[EventCountry "SVK"]
[SourceTitle "playchess.com"]
[Source "ChessBase"]
[SourceQuality "1"]
[TimeControl "40/5400+30:1800+30"]

1. d4 d5 2. c4 e6 3. Nf3 Nf6 4. Nc3 Nbd7 5. e3 c6 6. cxd5 cxd5 7. Bd3 Bb4 8. O-O O-O 9. Bd2 b6 10. Rc1 Bxc3 11. Bxc3 Bb7 12. Qe2 Rc8 13. Rc2 Ne4 14. Bb4 Rxc2 15. Qxc2 Re8 16. Rc1 Qc8 17. Qc7 Ndf6 18. Ne5 Qxc7 19. Rxc7 Ba8 20. Rxa7 Nh5 21. Rxf7 Rc8 22. Kf1 Rc1+ 23. Ke2 Bc6 24. Rf8# 1-0

[Event "Kezmarok Chess Open 2022"]
[Site "Kezmarok"]
[Date "2022.09.27"]
[Round "5.18"]
[White "Straka, Simon"]
[Black "Kolek, Stefan"]
[Result "1-0"]
[ECO "D35"]
[WhiteElo "1732"]
[BlackElo "1524"]
[Annotator "NA RC COMBH"]
[PlyCount "36"]
[EventDate "2022.09.24"]
[EventType "swiss"]
[EventCountry "SVK"]
[SourceTitle "playchess.com"]
[Source "ChessBase"]
[SourceQuality "1"]
[TimeControl "40/5400+30:1800+30"]

1. d4 e6 2. c4 d5 3. Nc3 Nf6 4. cxd5 exd5 5. Bg5 Be7 6. e3 O-O 7. Bd3 Bg4 8. Qb3 Nc6 9. Bxf6 Bxf6 10. Nxd5 Be6 11. Nxf6+ gxf6 12. Qc3 Qd5 13. Ne2 Bf5 14. Nf4 Qd7 15. Nh5 Qe6 16. d5 Qe5 17. Qxe5 fxe5 18. Bxf5 Rad8 1-0

[Event "Kezmarok Chess Open 2022"]
[Site "Kezmarok"]
[Date "2022.09.28"]
[Round "6.1"]
[White "Dubessay, Bastien"]
[Black "Hagarova, Zuzana"]
[Result "1-0"]
[ECO "E92"]
[WhiteElo "2259"]
[BlackElo "2287"]
[Annotator "TA"]
[PlyCount "83"]
[EventDate "2022.09.24"]
[EventType "swiss"]
[EventCountry "SVK"]
[SourceTitle "playchess.com"]
[Source "ChessBase"]
[SourceQuality "1"]
[TimeControl "40/5400+30:1800+30"]

1. d4 Nf6 2. c4 g6 3. Nc3 Bg7 4. e4 d6 5. Nf3 O-O 6. Be2 e5 7. d5 Na6 8. Bg5 h6 9. Bh4 Qe8 10. Nd2 Bd7 {[%emt 0:08:02] E92: King's Indian: Classical: 6 Be2 e5: 7 dxe5, 7 Be3 and Petrosian System without 7...Nbd7.} 11. O-O Nc5 12. b4 Na4 {[%emt 0:14:47] The position is equal.} 13. Nxa4 Bxa4 14. Qc1 Bd7 15. c5 Bb5 16. Bxb5 Qxb5 17. Bxf6 Bxf6 18. Qc4 Qd7 {[%emt 0:07:11] [#]} 19. Rfd1 $146 ({Predecessor:} 19. c6 bxc6 20. Qxc6 Qxc6 21. dxc6 Bg5 22. Nc4 f5 23. f3 fxe4 24. fxe4 Rf4 25. Rxf4 exf4 {1-0 (47) Diulger,A (2310)-Prociuc,E (2020) Kishinev 2001}) 19... a5 ({Black should try} 19... Qa4 $14) 20. c6 Qc8 21. cxb7 {[%emt 0:03:55] White is more active.} Qxb7 22. b5 a4 $1 23. Qc6 Rfb8 24. Rab1 Ra5 $1 25. Nc4 $1 $36 {[%emt 0:00:23][%cal Bd2c4,Bc4e5,Be5c6][%mdl 2080] White has the initiative.} Rxb5 26. Rxb5 Qxb5 27. Qxc7 Bd8 $2 {[%emt 0:01:56] This costs Black the game.} ({Weaker is} 27... Qb1 28. Rf1 Qb7 29. Qxd6 $16) ({Black should play} 27... Be7 $1 $14) 28. Qxd6 $18 Rc8 (28... Qb1 $142 29. Ne3 (29. Qxd8+ Kg7 $17) 29... Qb2) 29. Nxe5 Qe2 {[%emt 0:00:52][%cal Re2d1] [#]} 30. Rf1 {[%emt 0:00:15] Black must now prevent Qd7.} Bh4 $2 (30... Qxe4 31. Nxf7 (31. Qd7 Qf5 $16) 31... Bg5 32. Nxg5 hxg5) 31. g3 Qxe4 32. gxh4 Re8 33. Nc6 Qxh4 34. Qg3 Qc4 35. Rd1 Qe2 36. Qd3 {[%emt 0:00:43] [#] And now Qxe2 would win.} Qg4+ 37. Kh1 Re2 38. h3 Qh5 39. d6 {[%emt 0:00:19] White wants to mate with d7.} Rxf2 40. d7 {[%emt 0:00:08] White mates.} Rf3 41. d8=Q+ Kh7 42. Q8d7 {[%emt 0:00:10] Weighted Error Value: White=0.09 (flawless) /Black=0.27 (precise)} 1-0

[Event "Kezmarok Chess Open 2022"]
[Site "Kezmarok"]
[Date "2022.09.28"]
[Round "6.2"]
[White "Wisniewski, Michal"]
[Black "Bazakutsa, Svyatoslav"]
[Result "0-1"]
[ECO "A48"]
[WhiteElo "2152"]
[BlackElo "2182"]
[Annotator "TA"]
[PlyCount "60"]
[EventDate "2022.09.24"]
[EventType "swiss"]
[EventCountry "SVK"]
[SourceTitle "playchess.com"]
[Source "ChessBase"]
[SourceQuality "1"]
[TimeControl "40/5400+30:1800+30"]

1. Nf3 g6 2. d4 Nf6 3. Nbd2 Bg7 4. e4 O-O 5. e5 Nh5 {[%emt 0:00:06] [#]} 6. g3 $146 {[%emt 0:04:17] A48: 1 d4 Nf6 2 Nf3 g6: Torre, London and Colle Systems.} ({Predecessor:} 6. g4 Nf4 7. Ne4 d5 8. Ng3 Ne6 9. Nf5 c5 10. Nxg7 Nxg7 11. h3 cxd4 12. Bh6 Qa5+ {1-0 (34) Vidit,S (2727)-Grandelius,N (2672) Wijk aan Zee 2022}) 6... d6 7. Bg2 dxe5 8. dxe5 {[%emt 0:00:06] The position is equal.} Nc6 $1 9. Qe2 Qd5 (9... Bg4 10. h3 Bc8 11. Nb3 $16) 10. O-O Nxe5 11. Nxe5 Qxe5 12. Qxe5 Bxe5 13. Re1 Bf6 14. Ne4 Bg7 15. Nc5 e6 16. g4 Nf6 17. Nxb7 Rb8 18. Na5 Nxg4 19. Nc6 Rb6 {[%emt 0:00:11] next ...Bd7 is good for Black.} ({Don't take} 19... Bxb2 20. Rb1 Bxc1 21. Ne7+ (21. Rxb8 Ba3 $16) 21... Kg7 22. Rxb8 $16) 20. h3 Nf6 $36 {[%emt 0:07:18][%mdl 2048] Black is pushing.} 21. Nxa7 Bd7 {[%emt 0:01:25] Hoping for ...Ra6.} 22. c4 $1 Rfb8 23. a4 (23. Bf4 $11 Rxb2 24. Bxc7) 23... Rb4 $15 24. b3 (24. Nc6 $15 Bxc6 25. Bxc6) 24... Rxb3 $17 25. Bf4 (25. Be3 $17) 25... R8b4 $19 26. a5 Nd5 27. cxd5 {[%emt 0:01:49] [#]} (27. Bd2 {was called for.} Rxc4 28. Rab1 Rxb1 29. Rxb1) 27... Bxa1 ({Weaker is} 27... Rxf4 28. Ra2 $17) 28. Rxa1 Rxf4 29. dxe6 fxe6 30. Nc6 Rb2 {Weighted Error Value: White=0.27 (precise) /Black=0.02 (flawless)} ({Don't blunder} 30... Bxc6 $2 31. Bxc6 Rc3 32. a6 Rxc6 33. a7 $19) 0-1

[Event "Kezmarok Chess Open 2022"]
[Site "Kezmarok"]
[Date "2022.09.28"]
[Round "6.3"]
[White "Berezjuk, Sergej"]
[Black "Jablonicky, Martin"]
[Result "1/2-1/2"]
[ECO "B52"]
[WhiteElo "2382"]
[BlackElo "2344"]
[Annotator "TA"]
[PlyCount "124"]
[EventDate "2022.09.24"]
[EventType "swiss"]
[EventCountry "SVK"]
[SourceTitle "playchess.com"]
[Source "ChessBase"]
[SourceQuality "1"]
[TimeControl "40/5400+30:1800+30"]

1. e4 c5 2. Nf3 d6 3. Bb5+ Bd7 4. Bxd7+ Qxd7 5. c4 Nf6 6. Nc3 Nc6 7. O-O g6 8. d4 cxd4 9. Nxd4 Bg7 10. Nde2 O-O 11. f3 a6 12. a4 Rac8 {[%emt 0:00:55] B52: Sicilian: Moscow Variation with 3...Bd7.} 13. Bg5 Qd8 14. Kh1 {[%emt 0:04:35] [#]} e6 $146 ({Predecessor:} 14... Re8 15. Rb1 Qa5 16. Bh4 Ne5 17. b3 Ned7 18. Qd2 Qh5 19. Bg5 h6 20. Be3 Kh7 {½-½ (20) Rublevsky,S (2657)-Georgiev,K (2676) Poikovsky 2001}) 15. Rb1 Qc7 16. Qd2 Rfd8 (16... Nd7 $11) 17. Rfd1 Rd7 18. Qf4 Ne8 19. Qd2 Nb4 20. Rbc1 Qb8 (20... Qxc4 $2 21. Nd5 $1 exd5 22. Rxc4 Rxc4 23. exd5 $18) 21. b3 b6 22. Bh4 Qb7 23. Qe3 Nc7 24. Bf2 Rb8 25. Bg3 Rbd8 26. Nd4 Nc6 (26... d5 $11) 27. Nde2 {[%emt 0:01:18] White is more active.} (27. Nxc6 $14 Qxc6 28. Bf2) 27... b5 28. axb5 axb5 29. cxb5 Nxb5 30. Na4 Ne5 31. Bf2 (31. Nb6 {looks sharper.} Rc7 32. Qg5 Qb8 33. Rxc7 Qxc7 34. Nc4) 31... Rc7 32. Qd2 Rdc8 33. Rxc7 Rxc7 34. Bb6 Rc8 35. Qa5 Qc6 36. h3 $1 {[%emt 0:02:40] Threatens to win with Rc1.} Ra8 37. Qd2 Rc8 38. Be3 Bf8 39. Nb6 {[%emt 0:01:40] aiming for Rc1.} Rc7 40. Rc1 Qb7 41. Rd1 Qa6 42. Rc1 Rxc1+ 43. Qxc1 Qa2 44. Qd1 Nc6 45. Qd3 Qa5 46. Bf2 Qb4 ({Black should try} 46... Ne5 $11 47. Qc2 Na3) 47. Nc4 (47. Qc2 $1 $14 Nbd4 48. Nxd4 Nxd4 49. Qc7) 47... Nc7 48. Bg3 Nb5 49. Ne3 Qc5 50. Ng4 Bg7 {[%emt 0:01:30] Against Nf6+} 51. Qc4 h5 52. Nf2 Bf8 53. Qd3 (53. Qxc5 $11 {keeps the balance.} dxc5 54. Nd3) 53... Nbd4 $17 54. Nxd4 Nxd4 55. Qc4 Qb6 (55... d5 $17 56. Qxc5 Bxc5) 56. b4 $1 $11 d5 57. exd5 exd5 ({Don't take} 57... Bxb4 58. Bc7 Qa7 59. Ne4 (59. Qxb4 Qa1+ 60. Kh2 Ne2 $11) 59... Qa1+ 60. Kh2 $11) 58. Qxd5 Ne2 59. Qe5 (59. Bh4 $1 $11) 59... Nxg3+ $17 60. Qxg3 {[%emt 0:00:02] [#]} Qxb4 ({Better is} 60... Bd6 $1 $17 61. f4 Qxb4) 61. Ne4 $11 Qd4 62. Qf2 Qxf2 {[%emt 0:00:15] Weighted Error Value: White=0.12 (very precise) /Black=0.14 (very precise)} 1/2-1/2

[Event "Kezmarok Chess Open 2022"]
[Site "Kezmarok"]
[Date "2022.09.28"]
[Round "6.4"]
[White "Demeter, Peter"]
[Black "Manik, Mikulas"]
[Result "1-0"]
[ECO "A10"]
[WhiteElo "2067"]
[BlackElo "2362"]
[Annotator "TA"]
[PlyCount "82"]
[EventDate "2022.09.24"]
[EventType "swiss"]
[EventCountry "SVK"]
[SourceTitle "playchess.com"]
[Source "ChessBase"]
[SourceQuality "1"]
[TimeControl "40/5400+30:1800+30"]

1. c4 g6 2. Nc3 Bg7 3. g3 Nf6 4. Bg2 O-O 5. Nf3 d6 6. O-O e5 {[%emt 0:00:13] 6...e5 is better than 6...Nc6.} 7. d3 Re8 8. e4 Nbd7 {[%emt 0:05:17] A24: English Opening vs King's Indian: Lines without ...Nc6.} 9. h3 a5 10. Be3 c6 {[%emt 0:07:05] The position is equal.} 11. Qd2 Nc5 12. Rad1 {[%emt 0:00:39] [#]} a4 $146 ({Predecessor:} 12... Qc7 13. Nh4 Qe7 14. f4 exf4 15. Bxf4 Nh5 16. Qf2 Nxf4 17. gxf4 Ne6 18. Ne2 c5 {0-1 (36) Andronis,V (2078)-Goumas,I (2145) Athens 2001}) 13. Qc2 Qa5 14. Bd2 h6 15. Nb1 Qa6 16. Be3 Qa5 17. Bd2 Qc7 18. Be3 Bd7 {[%emt 0:03:39] [#]} 19. Nxe5 $1 Rxe5 20. d4 $1 Rh5 (20... Rxe4 $1 $11 21. dxc5 d5) 21. dxc5 $14 Bxh3 22. cxd6 Bxg2 {[%emt 0:00:31] [#]} 23. Kxg2 (23. dxc7 {leads to mate.} Bf3 24. c8=Q+ Rxc8) ({White must play} 23. f3 $1 $16 Qa5 24. Qxg2 (24. Kxg2 Qe5 $16)) 23... Qd7 $11 {[%emt 0:00:25] Hoping for ...Qh3+.} 24. Rh1 {[%emt 0:00:36] Prevents Qh3+.} Rxh1 25. Rxh1 Qxd6 26. Nc3 (26. Bxh6 $11 Bxh6 27. Rxh6) 26... Ng4 $15 27. Bc1 Qd4 28. Nd1 Ne5 (28... Rd8 $17 29. Ne3 Nxe3+ 30. Bxe3 Qxb2 31. Qxb2 Bxb2) 29. Bxh6 (29. Ne3 $1 $15 Qd3 30. b3) 29... Bxh6 $17 30. Rxh6 Qxc4 (30... Rd8 {feels hotter.} 31. Rh1 Qxc4 32. Nc3 a3) 31. Qxc4 ({White should play} 31. Nc3) 31... Nxc4 $15 {[%emt 0:00:07][%mdl 4096] Endgame KRN-KRN} 32. Rh1 Rd8 33. b3 {[%emt 0:00:44] [#]} axb3 34. axb3 Nd2 35. e5 Nxb3 36. Ne3 b5 {[%emt 0:02:08][%cal Bb7b5,Bb5b4][%mdl 32] Against Nc4} 37. Kf3 b4 {[%emt 0:01:29] Strongly threatening ...Nd2+.} 38. Kf4 $2 {[%emt 0:03:46] Loses the game.} (38. Rd1 $17 Nd4+ 39. Ke4) 38... Nd2 $19 {[%emt 0:01:26] Threatens to win with ...Rd4+.} 39. Rc1 $2 (39. Nf1 Nc4 40. Ne3) 39... Rd4+ {[%emt 0:00:56] Black is clearly winning.} 40. Kg5 Kg7 41. f4 Nf3+ $2 {[%emt 0:31:19][%mdl 32768] Weighted Error Value: White=0.31/Black=0.11 (very precise) . Loss on time!?} (41... b3 42. Nd1 Nf3+ 43. Kg4 Nxe5+ 44. Kh4 Nc4) 1-0

[Event "Kezmarok Chess Open 2022"]
[Site "Kezmarok"]
[Date "2022.09.28"]
[Round "6.5"]
[White "Kovac, Lubomir"]
[Black "Elias, David"]
[Result "1/2-1/2"]
[ECO "A48"]
[WhiteElo "2091"]
[BlackElo "1988"]
[Annotator "TA"]
[PlyCount "92"]
[EventDate "2022.09.24"]
[EventType "swiss"]
[EventCountry "SVK"]
[SourceTitle "playchess.com"]
[Source "ChessBase"]
[SourceQuality "1"]
[TimeControl "40/5400+30:1800+30"]

1. d4 Nf6 2. Nf3 g6 3. Bf4 Bg7 4. Nbd2 d5 5. e3 O-O 6. h3 c5 7. c3 b6 8. Bd3 Bb7 9. O-O Nc6 10. Ne5 {A48: 1 d4 Nf6 2 Nf3 g6: Torre, London and Colle Systems.} Nd7 11. Nxd7 Qxd7 12. Bb5 a6 13. Bxc6 Qxc6 14. Bg3 {[#]} a5 $146 ({Predecessor:} 14... f6 15. f4 a5 16. Nf3 a4 17. a3 Ra6 18. Qd2 Bc8 19. Rfd1 Rd8 20. Qe2 Ra7 {0-1 (52) Draganic,S (2157)-Zvan,Z (2273) Pula 2012}) 15. f4 Qb5 16. Rb1 Qd3 17. Rf3 Qf5 18. Bh4 f6 19. g4 (19. Qb3 $11) 19... Qd7 20. f5 e6 21. Qc2 (21. fxg6 $15 hxg6 22. Qc2) 21... exf5 $17 22. gxf5 g5 23. Bf2 h5 24. Nf1 Kf7 25. Rd1 c4 26. Ng3 Rh8 27. Qe2 b5 (27... Rae8 $17 28. Nf1 Bf8) 28. Be1 ({White should play} 28. e4 $15) 28... Rag8 29. Bd2 (29. Rf1 $17) 29... Bf8 $19 {...g4 is the strong threat.} 30. Rf2 {[#]} (30. Rff1 {was worth a try.}) 30... g4 (30... Bd6 $1 $19 {[%cal Rd6g3] has better winning chances.} 31. Rg2 h4) 31. h4 Bd6 32. Kh2 Bc8 ({Worse is} 32... Bxg3+ 33. Kxg3 Qe7 34. Rf4 $17) 33. Rdf1 Bxg3+ 34. Kxg3 Qd6+ 35. Kg2 Bd7 36. Rf4 b4 37. Qe1 Rb8 38. Qg3 Rhe8 ({Better is} 38... b3 $17 39. a3 Qb6) 39. Rxg4 $1 $11 {[#] Intending Rg7+ and mate. The position is equal.} Qxg3+ 40. Rxg3 Re4 41. Kh3 bxc3 42. Bxc3 a4 43. a3 Rbe8 44. Rff3 Bc8 45. Bb4 Bd7 {[%mdl 1024] Black has compensation.} 46. Bd6 Bc8 {White happily takes the draw.  Weighted Error Value: White=0.22 (precise) /Black=0.22 (precise)} 1/2-1/2

[Event "Kezmarok Chess Open 2022"]
[Site "Kezmarok"]
[Date "2022.09.28"]
[Round "6.6"]
[White "Walter, Ema"]
[Black "Bochnickova, Simona"]
[Result "1-0"]
[ECO "C47"]
[WhiteElo "2062"]
[BlackElo "1903"]
[Annotator "TA"]
[PlyCount "63"]
[EventDate "2022.09.24"]
[EventType "swiss"]
[EventCountry "SVK"]
[SourceTitle "playchess.com"]
[Source "ChessBase"]
[SourceQuality "1"]
[TimeControl "40/5400+30:1800+30"]

1. e4 e5 2. Nf3 Nf6 3. Nc3 Nc6 4. h3 d5 5. exd5 Nxd5 6. Bb5 {White wants to play Nxe5. C47: Scotch Four Knights and Four Knights with 4 g3.} Nxc3 7. bxc3 {Threatening Nxe5.} Bd6 8. d4 {The position is equal.} exd4 9. cxd4 O-O 10. O-O h6 11. Bb2 {[#]} Bf5 $146 ({Predecessor:} 11... Bd7 12. c4 Re8 13. c5 Bf8 14. d5 Ne7 15. Bc4 Ng6 16. Qd4 Qe7 17. d6 cxd6 {½-½ (58) Chigaev,M (2631)-Belyakov,B (2448) Chess.com INT 2021}) 12. Re1 Nb4 13. Ba4 Nd5 14. Ne5 (14. c4 $11 Nf4 15. Bc2 Bxc2 16. Qxc2) 14... c6 (14... Bb4 $15) 15. Qf3 Qc8 16. Bb3 $36 {[%mdl 2048] White is really pushing. White is more active.} Be6 $2 {This move loses the game for Black.} (16... Bh7 $16) 17. c4 $18 Nf6 (17... Nb6 {might work better.} 18. d5 cxd5) 18. d5 cxd5 19. cxd5 Bd7 20. Nc4 Bb4 (20... Qc7 $142 21. Bxf6 gxf6 22. Qxf6 Bh2+ 23. Kh1 Qf4) 21. Bxf6 Bxe1 22. Qg3 {[%csl Gf6][%cal Rg3g7] [#]} Bxf2+ 23. Kxf2 Qc5+ 24. Ne3 g6 25. Qh4 h5 (25... Qd6 $142 26. Rd1 Rac8) 26. Be7 {A strong pair of Bishops.} Qc3 27. Rd1 Rfe8 28. d6 Qc5 {[#]} 29. Bxf7+ $1 {[%mdl 512] White mates.} Kxf7 (29... Kh7 30. Rd5) 30. Qf6+ {[%mdl 64] Deflection} Kg8 31. Qxg6+ Kh8 32. Bf6# {Weighted Error Value: White=0.17 (very precise) /Black=0.69} 1-0